 Dungeon Crawl Stone Soup version 0.16.1-4-g8e1b745 (webtiles) character file.

3064 Zapata the Basher (level 10, -2/56 HPs)
             Began as a Kobold Berserker on Mar 26, 2015.
             Was a High Priest of Trog.
             Killed from afar by an electric eel (9 damage)
             ... with a bolt of electricity
             ... on level 8 of the Dungeon.
             The game lasted 00:10:44 (9753 turns).

Zapata the Basher (Kobold Berserker)                Turns: 9753, Time: 00:10:44

Health: -2/56      AC:  3    Str: 15    XL:     10   Next: 12%
Magic:  10/10      EV: 16    Int:  5    God:    Trog [*****.]
Gold:   286        SH:  0    Dex: 20    Spells: 0 memorised, 9 levels left

rFire  . . .     SeeInvis .     a - +3 flail (crush)
rCold  . . .     Clarity  .     b - +0 animal skin
rNeg   . . .     SustAb   .     (no shield)
rPois  .         Gourm    .     e - +0 helmet
rElec  .         Spirit   .     (no cloak)
rCorr  +         Warding  .     (no gloves)
rMut   .         Stasis   .     (no boots)
MR     .....                    d - amulet of resist corrosion (curse)
Stlth  ++........               (no ring)
                                (no ring)

@: about to teleport, not resistant to hostile enchantments, unstealthy
A: carnivore 3
a: Burn Spellbooks, Berserk, Trog's Hand, Brothers in Arms, Renounce Religion


You were on level 8 of the Dungeon.
You worshipped Trog.
Trog was extremely pleased with you.
You were full.

You visited 1 branch of the dungeon, and saw 8 of its levels.

You collected 286 gold pieces.

Inventory:

Hand weapons
 a - a +3 flail of crushing (weapon)
Missiles
 i - 249 stones (quivered)
 m - 10 steel tomahawks
 q - 66 bolts
Armour
 b - a +0 animal skin (worn)
 e - a +0 helmet (worn)
Jewellery
 d - a cursed amulet of resist corrosion (around neck)
 t - an uncursed ring of stealth {unknown}
Magical devices
 c - a wand of fireball (7)
 r - a wand of teleportation (4)
 y - a wand of frost (39)
Scrolls
 h - 2 scrolls of enchant weapon
 j - 3 scrolls of fear
 k - 2 scrolls of magic mapping
 l - 4 scrolls of immolation
 s - 2 scrolls of fog
 u - 5 scrolls of remove curse
 v - 2 scrolls of amnesia {unknown}
 z - a scroll of random uselessness {unknown}
 B - a scroll of recharging {unknown}
Potions
 g - a potion of poison {unknown}
 n - a potion of haste
 w - a potion of flight {unknown}
 x - a potion of might {unknown}
Comestibles
 f - a slice of pizza
 o - 3 beef jerkies


   Skills:
 - Level 3.2 Fighting
 + Level 13.2 Maces & Flails
 - Level 1.5 Armour
 - Level 2.4 Dodging


You had 9 spell levels left.
You didn't know any spells.

Dungeon Overview and Level Annotations

Branches:
Dungeon (8/15)             Temple (0/1) D:7
   Lair: D:8-11

Altars:
Ashenzari
Cheibriados
Elyvilon
Fedhas
Makhleb
Nemelex Xobeh
Okawaru
Qazlal


Innate Abilities, Weirdness & Mutations

You are small and have problems with some larger weapons.
You are carnivorous and can eat meat at any time.


Message History

The electric eel shoots out a bolt of lightning at you!
The bolt of electricity hits you!
Huge Dmg: -27%(-15hp) hp: 52%(29hp) Read which item? (? for menu, Esc to quit)
As you read the scroll of teleportation, it crumbles to dust.
You feel strangely unstable.
The orc priest shouts!
The electric eel shoots out a bolt of lightning at you!
The bolt of electricity hits you!
An orc warrior comes into view. It is wielding a halberd.
Huge Dmg: -18%(-10hp) hp: 34%(19hp)
The electric eel shoots out a bolt of lightning at you!
The bolt of electricity hits you!
* * * LOW HITPOINT WARNING * * *
Huge Dmg: -21%(-12hp) hp: 13%(7hp) Drink which item? (? for menu, Esc to quit)
Okay, then.
The electric eel shoots out a bolt of lightning at you!
The bolt of electricity hits you!
You die...

≈≈≈≈...#####..# ≈≈≈....#
##.## .≈.....# #..#
.......#### ##.#
..........# #.##
........#.####..#####.###
........#................
###...#########.#####.###
...[.......####.@####.##
##########...............
#..............
#..............
#.....≈≈≈≈.....
#..K..≈;≈≈....
#...≈≈≈≈≈≈...:
#..o≈≈≈≈≈≈...
......≈≈≈≈≈..


You could see an electric eel, an orc priest and a kobold.

Vanquished Creatures
  Grinder (D:3)
  Prince Ribbit (D:5)
  Eustachio (D:5)
  Menkaure (D:5)
  A sky beast (D:5)
  3 phantoms
  A black bear (D:6)
  3 ogres
  A centaur (D:7)
  2 giant frogs
  4 scorpions
  A crimson imp (D:7)
  A centaur zombie (D:6)
  8 orc priests
  A jelly (D:4)
  A giant frog zombie (D:7)
  4 iguanas
  5 hounds
  6 worker ants
  6 orc wizards
  Ijyb (D:3)
  Robin (D:2)
  8 gnolls
  9 adders
  A shadow imp (D:6)
  A river rat (D:5)
  A giant mite (D:6)
  2 worms (D:4)
  An adder zombie (D:7)
  2 oozes
  24 orcs
  20 bats
  A bat skeleton (D:7)
  5 giant cockroaches
  20 hobgoblins
  5 jackals
  10 kobolds
  2 quokkas
  5 giant geckos
  6 giant newts
  16 goblins
  A jackal skeleton (D:4)
  A jackal zombie (D:5)
  18 rats
213 creatures vanquished.

Notes
Turn   | Place    | Note
--------------------------------------------------------------
     0 | D:1      | Zapata, the Kobold Berserker, began the quest for the Orb.
     0 | D:1      | Reached XP level 1. HP: 14/14 MP: 1/1
    53 | D:1      | Reached XP level 2. HP: 8/19 MP: 2/2
   805 | D:1      | Reached skill level 4 in Maces & Flails
   805 | D:1      | Reached XP level 3. HP: 12/23 MP: 3/3
   940 | D:1      | Acquired Trog's second power
  1398 | D:2      | Noticed Robin
  1416 | D:2      | Found an iron altar of Okawaru.
  1420 | D:2      | Killed Robin
  1420 | D:2      | Reached XP level 4. HP: 16/28 MP: 4/4
  1589 | D:2      | Found a shattered altar of Ashenzari.
  1676 | D:2      | Found a blossoming altar of Fedhas.
  1869 | D:2      | Reached skill level 5 in Maces & Flails
  1971 | D:3      | Noticed Ijyb
  1977 | D:3      | Killed Ijyb
  2208 | D:3      | Reached XP level 5. HP: 17/32 MP: 5/5
  2611 | D:3      | Noticed Grinder
  2612 | D:3      | Paralysed by Grinder for 3 turns
  2626 | D:3      | Killed Grinder
  2626 | D:3      | Reached skill level 7 in Maces & Flails
  2626 | D:3      | Reached XP level 6. HP: 19/37 MP: 6/6
  3063 | D:3      | Reached XP level 7. HP: 33/41 MP: 7/7
  3075 | D:3      | HP: 1/61 [orc/whip (7)]
  3415 | D:3      | Found a burning altar of Makhleb.
  3613 | D:3      | Acquired Trog's third power
  3932 | D:4      | Reached skill level 8 in Maces & Flails
  4184 | D:4      | Reached XP level 8. HP: 43/46 MP: 8/8
  4299 | D:4      | Reached skill level 9 in Maces & Flails
  5732 | D:5      | Entered Level 5 of the Dungeon
  5751 | D:5      | Reached skill level 10 in Maces & Flails
  6061 | D:5      | Received a gift from Trog
  6166 | D:5      | Noticed Eustachio
  6188 | D:5      | Killed Eustachio
  6188 | D:5      | Reached skill level 11 in Maces & Flails
  6188 | D:5      | Reached XP level 9. HP: 39/51 MP: 9/9
  6204 | D:5      | Found a stormy altar of Qazlal.
  6275 | D:5      | Noticed Prince Ribbit
  6290 | D:5      | Killed Prince Ribbit
  6619 | D:5      | Found a sparkling altar of Nemelex Xobeh.
  6688 | D:5      | Received a gift from Trog
  6819 | D:5      | Noticed Menkaure
  6826 | D:5      | Killed Menkaure
  7518 | D:5      | Reached skill level 12 in Maces & Flails
  7746 | D:6      | Found a snail-covered altar of Cheibriados.
  7759 | D:6      | Found a white marble altar of Elyvilon.
  8786 | D:7      | Reached XP level 10. HP: 40/56 MP: 10/10
  9014 | D:7      | Reached skill level 13 in Maces & Flails
  9216 | D:7      | Found a staircase to the Ecumenical Temple.
  9753 | D:8      | Killed from afar by an electric eel

Action                   |  1- 3 |  4- 6 |  7- 9 | 10-12 || total
-------------------------+-------+-------+-------+-------++-------
Melee: Mace              |   133 |    95 |    16 |       ||   244
       Flail             |       |       |   319 |    67 ||   386
Throw: Stone             |       |       |     6 |       ||     6
Invok: Berserk           |     1 |     4 |    10 |     1 ||    16
       Burn Spellbooks   |       |       |       |     1 ||     1
  Use: Scroll            |       |     3 |     4 |     3 ||    10
       Potion            |       |     1 |     1 |       ||     2
 Stab: Sleeping          |       |       |     4 |       ||     4
       Distracted        |       |       |     1 |       ||     1
  Eat: Chunk             |    10 |     7 |    20 |     7 ||    44
       Meat ration       |       |       |     1 |       ||     1
